 Dungeon Crawl Stone Soup version 0.21-a0-504-g2eda330 (webtiles) character file.

1081 kae the Ruffian (level 8, -1/79 HPs)
             Began as a Troll Monk on Nov 25, 2017.
             Slain by vineage's ghost (4 damage)
             ... on level 5 of the Dungeon.
             The game lasted 00:04:50 (3832 turns).

kae the Ruffian (Troll Monk)                        Turns: 3832, Time: 00:04:50

Health: -1/79      AC:  7    Str: 20    XL:     8   Next: 8%
Magic:  7/7        EV: 12    Int:  6    God:
Gold:   350        SH:  0    Dex: 14    Spells: 7/7 levels left

rFire    . . .     SeeInvis .     - Unarmed
rCold    . . .     Gourm    +   (no shield)
rNeg     . . .     Faith    .   a - +0 robe
rPois    .         Spirit   .   (helmet restricted)
rElec    .         Reflect  .   j - +1 cloak
rCorr    .         Harm     .   (gloves unavailable)
MR       .....     Rnd*Tele +   (boots unavailable)
Stlth    ++........             (no amulet)
HPRegen  0.63/turn              r - ring of flight
MPRegen  0.10/turn              p - ring of teleportation (curse)

@: no status effects
A: large, unfitting armour, claws 3, fast metabolism 3, gourmand, regeneration
1, shaggy fur 1, tough skin 2
a: Evoke Flight


You were on level 5 of the Dungeon.
You were very full.

You visited 2 branches of the dungeon, and saw 6 of its levels.

You collected 350 gold pieces.

Inventory:

Armour
 a - a +0 robe (worn)
 j - a +1 cloak (worn)
Jewellery
 p - a cursed ring of teleportation (right claw)
 r - a ring of flight (left claw)
 s - an uncursed ring of ice
Wands
 n - a wand of iceblast (6)
Scrolls
 d - 4 scrolls of remove curse
 o - 2 scrolls of teleportation
 t - a scroll of magic mapping {unknown}
Potions
 c - a potion of lignification {unknown}
 e - 2 potions of mutation
 i - a potion of might
 k - a potion of haste
 l - a potion of curing
 m - a potion of flight
Comestibles
 b - 5 bread rations
 f - 4 meat rations
 h - 2 royal jellies
 u - 2 fruits


   Skills:
 + Level 4.6 Fighting
 + Level 4.6 Dodging
 - Level 1.0 Stealth
 * Level 7.4 Unarmed Combat


You had 7 spell levels left.
You didn't know any spells.

Dungeon Overview and Level Annotations

Branches:
Dungeon (5/15)             Temple (1/1) D:4

Altars:
Ashenzari
Cheibriados
Fedhas
Hepliaklqana
Nemelex Xobeh
Qazlal
Ru
Trog
Uskayaw
Vehumet
Yredelemnul
Zin
The Shining One

Annotations:
D:5 vineage's ghost, novice MiFi


Innate Abilities, Weirdness & Mutations

You are too large for most types of armour.
You have claws for hands.
Your metabolism is lightning-fast.
You like to eat raw meat.
Your natural rate of healing is unusually fast.
You are covered in fur. (AC +1)
You have very tough skin. (AC +2)


Message History

Vineage's ghost is severely damaged.
Vineage's ghost hits you!
You claw vineage's ghost!
Vineage's ghost is almost destroyed.
Vineage's ghost completely misses you.
You closely miss vineage's ghost.
Vineage's ghost is almost destroyed.
Vineage's ghost hits you!!
* * * LOW HITPOINT WARNING * * *
You barely miss vineage's ghost.
Vineage's ghost is almost destroyed.
Vineage's ghost hits you.
* * * LOW HITPOINT WARNING * * *
You scratch vineage's ghost but do no damage.
Vineage's ghost is almost destroyed.
Vineage's ghost hits you!
* * * LOW HITPOINT WARNING * * *
It was a potion of cancellation.
You feel magically purged. Vineage's ghost hits you.
You die...

### #.######## #.........
#.######## #.# #.#
################## #.########
...............W@# #.##......
..######################.##....>.
....W............................
#........######.####..(#.........
#.............#.# #...####......
#.######.####.#.############..##+
#.######.####.#..................
.................................
..#...........################.#.


You could see vineage's ghost.

Vanquished Creatures
  Sigmund (D:2)
  The ghost of Inectha the Covered, an amateur MiFi (D:4)
  A phantom (D:4)
  A sky beast (D:4)
  An ogre (D:4)
  A necrophage (D:5)
  A howler monkey (D:5)
  A crimson imp (D:5)
  A hound (D:5)
  An orc priest (D:3)
  2 orc wizards
  Jessica (D:2)
  A worker ant (D:5)
  Robin (D:4)
  8 adders
  2 oozes
  2 dart slugs
  4 leopard geckos
  5 orcs
  6 giant cockroaches
  12 goblins
  12 hobgoblins
  4 jackals (D:2)
  2 quokkas (D:3)
  3 ball pythons
  14 bats
  2 frilled lizards (D:3)
  5 kobolds
  15 rats
111 creatures vanquished.

Notes
Turn   | Place    | Note
-------+----------+-------------------------------------------
     0 | D:1      | kae the Troll Monk began the quest for the Orb.
     0 | D:1      | Reached XP level 1. HP: 22/22 MP: 0/0
     3 | D:1      | Noticed an electric eel
     3 | D:1      | Noticed an electric eel
   130 | D:1      | Reached XP level 2. HP: 24/29 MP: 1/1
   522 | D:2      | Found a sparkling altar of Nemelex Xobeh.
   530 | D:2      | Noticed Sigmund
   534 | D:2      | Reached XP level 3. HP: 36/36 MP: 2/2
   627 | D:2      | Killed Sigmund
   627 | D:2      | Reached skill level 4 in Unarmed Combat
   627 | D:2      | Reached XP level 4. HP: 29/45 MP: 3/3
   627 | D:2      | Reached XP level 5. HP: 34/53 MP: 4/4
   754 | D:2      | Reached skill level 5 in Unarmed Combat
   761 | D:2      | Noticed Jessica
   766 | D:2      | Killed Jessica
  1203 | D:2      | Reached XP level 6. HP: 60/61 MP: 5/5
  1367 | D:2      | Found a stormy altar of Qazlal.
  1493 | D:3      | Found a basalt altar of Yredelemnul.
  1616 | D:3      | Found a radiant altar of Vehumet.
  1905 | D:4      | Noticed Inectha's ghost (amateur MiFi)
  2064 | D:4      | Reached skill level 6 in Unarmed Combat
  2188 | D:4      | Found a staircase to the Ecumenical Temple.
  2241 | Temple   | Entered the Ecumenical Temple
  2366 | D:4      | Noticed a sky beast
  2374 | D:4      | Killed a sky beast
  2374 | D:4      | Reached XP level 7. HP: 55/70 MP: 6/6
  2410 | D:4      | Noticed Robin
  2432 | D:4      | Killed Robin
  2710 | D:4      | Killed Inectha's ghost
  3009 | D:5      | Entered Level 5 of the Dungeon
  3025 | D:5      | Reached skill level 7 in Unarmed Combat
  3199 | D:5      | Reached XP level 8. HP: 74/79 MP: 7/7
  3735 | D:5      | Noticed vineage's ghost (novice MiFi)
  3831 | D:5      | HP: 3/79 [vineage's ghost (16)]
  3832 | D:5      | Slain by vineage's ghost

Vault maps used:
D:1:      arrival_aquarium_b
D:2:      lemuel_coloured_pillars_altar, nemelex_xobeh_ov_fountains_minmay,
          serial_park_tiny_2, uniq_sigmund, uniq_jessica
D:3:      lemuel_crystal_altar, fiery_altar_vehumet, first_bread,
          serial_park_tiny_pond
D:4:      minmay_temple_entry_fiery, uniq_robin
Temple:   jpeg_temple_island

Skill      XL: |  1  2  3  4  5  6  7 |
---------------+----------------------+-----
Fighting       | 3 4 |  4.6
Dodging        | 3 4 |  4.6
Unarmed Combat | 4 5 6 7 |  7.4
Stealth        | |  1.0

Action                   |  1- 3 |  4- 6 |  7- 9 || total
-------------------------+-------+-------+-------++-------
Melee: Unarmed           |    64 |   168 |    61 ||   293
       Punch             |     1 |     4 |       ||     5
  Use: Scroll            |       |     8 |     2 ||    10
       Potion            |       |       |     1 ||     1
 Stab: Sleeping          |       |     4 |       ||     4
  Eat: Chunk             |    10 |    17 |    12 ||    39
Armor: Robe              |    41 |    60 |    11 ||   112
Dodge: Dodged            |    47 |    94 |    24 ||   165

Table legend:
 A = Spawn XP
 B = Non-spawn XP
 C = Spawn XP percentage of total XP
 D = Spawn monster count
 E = Non-spawn monster count
 F = Spawn count percentage of total count
 G = Total turns spent on level
                    A         B        C        D         E        F      G
               +---------+---------+-------+---------+---------+-------+---------
         Total |       0 |    1545 |   0.0 |       0 |     111 |   0.0 |  3832
               +---------+---------+-------+---------+---------+-------+---------
           D:1 |       0 |      56 |   0.0 |       0 |      25 |   0.0 |   591
           D:2 |       0 |     351 |   0.0 |       0 |      29 |   0.0 |   833
           D:3 |       0 |     139 |   0.0 |       0 |      27 |   0.0 |   615
           D:4 |       0 |     680 |   0.0 |       0 |      23 |   0.0 |   904
           D:5 |       0 |     319 |   0.0 |       0 |       7 |   0.0 |   823
               +---------+---------+-------+---------+---------+-------+---------
